 Dungeon Crawl Stone Soup version 0.27.1-15-g792fb953b9 (webtiles) character file.

Game seed: 1762896129271262191

22 boopmooplesden the Twirler (level 2, 0/25 HPs)
             Began as a Minotaur Gladiator on Nov 21, 2021.
             Slain by a gnoll (4 damage)
             ... on level 2 of the Dungeon.
             The game lasted 00:00:52 (289 turns).

boopmooplesden the Twirler (Minotaur Gladiator)      Turns: 289, Time: 00:00:53

Health: 0/25       AC:  3    Str: 18    XL:     2   Next: 68%
Magic:  1/1        EV: 12    Int:  5    God:
Gold:   0          SH:  0    Dex: 11    Spells: 1/1 levels left

rFire    . . .     SeeInvis .   a - +0 quarterstaff
rCold    . . .     Faith    .   (shield currently unavailable)
rNeg     . . .     Spirit   .   b - +0 leather armour
rPois    .         Reflect  .   c - +0 hat
rElec    .         Harm     .   (no cloak)
rCorr    .         Rampage  .   (no gloves)
Will     .....                  (no boots)
Stlth    +.........             (no amulet)
HPRegen  0.08/turn              (no ring)
MPRegen  0.07/turn              (no ring)

@: no status effects
A: horns 2, retaliatory headbutt
a: no special abilities


You were on level 2 of the Dungeon.
You visited 1 branch of the dungeon, and saw 2 of its levels.

Inventory:

Hand Weapons
 a - a +0 quarterstaff (weapon)
Missiles
 d - 2 throwing nets (quivered)
 g - 22 sling bullets
Armour
 b - a +0 leather armour (worn)
 c - a +0 hat (worn)
 f - a +0 ring mail
 h - a +0 kite shield
Scrolls
 e - 2 scrolls of identify {unknown}


   Skills:
 + Level 2.5 Fighting
 + Level 4.1 Staves
 + Level 2.1 Throwing
 + Level 0.1 Armour
 + Level 3.9 Dodging


You had one spell level left.
You didn't know any spells.
Your spell library was empty.

Dungeon Overview and Level Annotations

Branches:
Dungeon (1/15)

Altars:


Innate Abilities, Weirdness & Mutations

You have a pair of horns on your head.
You reflexively headbutt those who attack you in melee.


Message History

You see here a sedimented grey potion.
You barely miss the kobold. Your headbutt misses the kobold.
The kobold hits you with a +0 short sword.
You thump the kobold!
You kill the kobold!
The bat barely misses you. The bat hits you but does no damage.
You sock the bat!
You kill the bat!
The gnoll hits you with a +0 flail.
You hit the gnoll. Your headbutt misses the gnoll.
The gnoll is lightly wounded.
A goblin comes into view. It is wielding a +0 dagger.
The gnoll barely misses you. You furiously retaliate!
You headbutt the gnoll. You closely miss the gnoll. You headbutt the gnoll!
The gnoll is severely wounded.
The gnoll hits you with a +0 flail.
You barely miss the gnoll.
The gnoll is severely wounded.
The goblin hits you but does no damage. The gnoll hits you with a +0 flail.
The goblin closely misses you.
You barely miss the goblin. The goblin misses you. You furiously retaliate!
You headbutt the goblin!
You kill the goblin!
You closely miss the gnoll.
The gnoll is severely wounded.
The gnoll misses you.
You barely miss the gnoll.
The gnoll is severely wounded.
The gnoll hits you from afar with a +0 spear!
* * * LOW HITPOINT WARNING * * *
The gnoll barely misses you.
Throw: 3 throwing nets
Press: ? - help, Q - select action Shift-Dir - straight line, f - gnoll
Aim: a gnoll, wielding a +0 flail (severely wounded, 61% to hit)
You throw a throwing net. The throwing net hits the gnoll.
The gnoll is caught in the net!
The gnoll is severely wounded.
A gnoll comes into view. It is wielding a +0 club.
The gnoll hits you from afar with a +0 spear.
You die...

#?.........#
...##..........#
K...
..#..........$#
..J
....g.........#
g.. ..
#........#
.g#####.
#.g..!.#
##.#..J..###!gJ#
... #gJ).#g# #.#
#g####@# #.#
####.# #..#
#.###....# ##..#
#.g.g.#### #.#
###..## .# #.##
## ###


You could see 3 gnolls, an endoplasm and a goblin.

Vanquished Creatures
  A dart slug (D:1)
  A giant cockroach (D:1)
  3 goblins
  4 hobgoblins
  A quokka (D:1)
  5 bats
  A frilled lizard (D:1)
  A kobold (D:2)
  2 rats
19 creatures vanquished.

Notes
Turn   | Place    | Note
-------+----------+-------------------------------------------
     0 | D:1      | boopmooplesden the Minotaur Gladiator began the quest for
                  | the Orb.
     0 | D:1      | Reached XP level 1. HP: 18/18 MP: 0/0
   113 | D:1      | Reached XP level 2. HP: 25/25 MP: 1/1
   219 | D:1      | Reached skill level 4 in Staves
   235 | D:1      | You fall into a shaft and drop 1 floor!
   289 | D:2      | Slain by a gnoll

Illustrated notes

Levels and vault maps discovered:
D:1:      heliophobic_arrival_ceremonial_halls, layout_loops_cross
D:2:      layout_rooms, minmay_tetromino_i4

Skill      XL: |  1  2 |
---------------+-------+-----
Staves         | 4 |  4.1
Fighting       | |  2.5
Throwing       | |  2.1
Armour         | |  0.1
Dodging        | |  3.9

Action                   || total
-------------------------++-------
Melee: Quarterstaff      ||    41
       Headbutt          ||     5
Throw: Throwing net      ||     1
Armor: Leather armour    ||    21
Dodge: Dodged            ||    41
